 Dungeon Crawl Stone Soup version 0.31-a0-237-g2d982f9f85 (webtiles) character file.

Game seed: 3658237390075630440

628 qw the Skirmisher (level 7, -7/59 HPs)
             Began as a Minotaur Hexslinger on July 11, 2023.
             Mangled by an orc warrior
             ... wielding a +0 halberd
              (21 damage)
             ... on level 4 of the Dungeon.
             The game lasted 00:01:21 (3513 turns).

qw the Skirmisher (Minotaur Hexslinger)             Turns: 3513, Time: 00:01:22

Health: -7/59      AC:  4    Str: 10 (12) XL:     7   Next: 23%
Magic:  7/7        EV: 12    Int:  9 (10) God:
Gold:   258        SH:  0    Dex: 14 (15) Spells: 7/8 levels left

rFire   + . .        g - +1 sling (heavy)
rCold   . . .        (no shield)
rNeg    . . .        k - +0 leather armour
rPois   .            (helmet restricted)
rElec   .            (no cloak)
rCorr   .            (no gloves)
SInv    .            l - +0 pair of boots
Will    .....        (no amulet)
Stlth   +            e - ring of protection from fire
HPRegen 0.29/turn    (no ring)
MPRegen 0.10/turn

%: no passive effects
@: no status effects
A: horns 2, retaliatory headbutt, MP-powered wands
a: no special abilities


You were on level 4 of the Dungeon.
You visited 1 branch of the dungeon, and saw 4 of its levels.

You collected 258 gold pieces.


Innate Abilities, Weirdness & Mutations

You have a pair of horns on your head.
You reflexively headbutt those who attack you in melee.
You expend magic power (3 MP) to strengthen your wands.


   Skills:
 + Level 4.0 Fighting
 - Level 8.0 Ranged Weapons
 - Level 1.2 Armour
 - Level 2.1 Dodging
 - Level 1.0 Spellcasting
 - Level 2.0 Hexes


You had 7 spell levels left.
You knew the following spells:

 Your Spells              Type           Power      Damage    Failure   Level
a - Slow                  Hex            16%        N/A       22%         1

Your spell library contained the following spells:

 Spells                   Type           Power      Damage    Failure   Level
 Inner Flame              Hex/Fire       2%         N/A       67%         3
 Portal Projectile        Hex/Tloc       4%         N/A       67%         3
 Cause Fear               Hex            2%         N/A       91%         4

Inventory:

Hand Weapons
 g - a +1 heavy sling (weapon)
Armour
 k - a +0 leather armour (worn)
 l - a +0 pair of boots (worn)
Jewellery
 e - a ring of protection from fire (left hand)
Scrolls
 a - a scroll of identify
Potions
 c - a potion of brilliance {unknown}
 d - a potion of lignification {unknown}
 h - a potion of mutation
 i - 5 potions of curing
 j - a potion of attraction {unknown}

Dungeon Overview and Level Annotations

Branches:
Dungeon (4/15)
 Temple: D:4-7

Altars:

Annotations:
D:3 1 runed translucent door, Crazy Yiuf
D:4 3 runed translucent doors, qw's ghost, amateur GrHs


Message History

Enter note:
Enter note:
Enter note:
Things that are here:
a +0 robe; a +0 morningstar You see here a +0 hand axe.
An orc warrior and a quokka come into view.
The orc warrior shouts!
The orc warrior barely misses you.
Enter note:
Enter note:
Enter note:
Enter note:
Enter note:
Enter note:
Enter note:
Enter note:
Enter note: You shoot a sling bullet.
The sling bullet barely misses the orc warrior.
The orc warrior hits you with a +0 halberd.
The orc warrior closely misses you.
You shoot a sling bullet. The sling bullet hits the orc warrior!
The orc warrior is heavily wounded.
The orc warrior hits you with a +0 halberd!
You shoot a sling bullet. The sling bullet hits the orc warrior.
The orc warrior is severely wounded.
The orc warrior misses you.
The orc warrior hits you with a +0 halberd!
You shoot a sling bullet.
The sling bullet hits the orc warrior but does no damage.
The orc warrior is severely wounded.
The orc warrior barely misses you. You furiously retaliate!
You headbutt the orc warrior. You shoot a sling bullet.
The sling bullet hits the orc warrior but does no damage.
The orc warrior is severely wounded.
The orc warrior hits you with a +0 halberd!
The orc warrior hits you with a +0 halberd!!
You die...

.#.##.####.#
#.............
......# #.#
#.###.####..#
.#.##.# .
#.###.##...# .#.##.#
. #........# ......#
.# #K>......#
##.#.## ..
#....<...# #...#
.....### #........#
###.#
......ro##........#
####.#
.....###@#........#
.....#
........##........#
####.#
####.###)#%##.#####
#.#######...[##.##.#
#.......####....##.#
#.#####.##.........#
#....##.##.##.##.###
#.##.##.##.##.##.#
#.##.##.##.##.##.#


You could see an orc warrior and a quokka.

Vanquished Creatures
  Sigmund (D:2)
  A phantom (D:4)
  A wight (D:4)
  2 hounds (D:4)
  An orc priest (D:4)
  Natasha (thrice) (D:2)
  An orc wizard (D:4)
  Robin (D:3)
  7 adders
  A river rat (D:3)
  3 worms
  A dart slug (D:3)
  5 orcs
  5 bats
  4 endoplasms
  2 giant cockroaches
  11 goblins
  5 hobgoblins
  2 kobolds
  2 quokkas
  8 ball pythons
  2 frilled lizards
  A rat (D:3)
70 creatures vanquished.

Notes
Turn   | Place    | Note
-------+----------+-------------------------------------------
     0 | D:1      | qw the Minotaur Hexslinger began the quest for the Orb.
     0 | D:1      | Reached XP level 1. HP: 16/16 MP: 1/1
     0 | D:1      | 0 ||| qw: Version: 0.3-a-52-g30416fa
     0 | D:1      | 0 ||| qw: Game counter: 5849
     0 | D:1      | 0 ||| qw: Melee chars always use a shield: true
     0 | D:1      | 0 ||| qw: God list: Okawaru
     0 | D:1      | 0 ||| qw: Allow faded altars: false
     0 | D:1      | 0 ||| qw: Do Orc after clearing Dungeon:15 true
     0 | D:1      | 0 ||| qw: Do second Lair branch before Depths: true
     0 | D:1      | 0 ||| qw: Lair rune preference: random
     0 | D:1      | 0 ||| qw: Goals: Normal
     0 | D:1      | 0 ||| PLANNING D:1-11
   700 | D:1      | 700 ||| UPGRADING to +0 leather armour.
   710 | D:1      | 710 ||| DROPPING +0 robe.
   711 | D:1      | 711 ||| UPGRADING to +0 pair of boots.
   716 | D:1      | 716 ||| READING 2 scrolls labelled ATHRIO INEJOOXI.
   717 | D:1      | 717 ||| READING scroll labelled JULEOF LU BAS.
   718 | D:1      | 718 ||| READING scroll labelled OCY HURGHIUTHOM.
   719 | D:1      | 719 ||| READING scroll labelled LAEPOPTURE.
   720 | D:1      | 720 ||| DRINKING 2 fizzy amethyst potions.
   720 | D:1      | Gained mutation: You expend magic power (3 MP) to
                  | strengthen your wands. [potion of mutation]
   720 | D:1      | Gained mutation: You are weak. (Str -2) [potion of
                  | mutation]
   720 | D:1      | Lost mutation: You are weak. (Str -2) [potion of mutation]
   721 | D:1      | 721 ||| DROPPING scroll of revelation.
   722 | D:1      | 722 ||| DROPPING scroll of poison.
   773 | D:2      | HP: 3/16 [poisoned by an adder]
   774 | D:2      | Reached skill level 3 in Ranged Weapons
   774 | D:2      | Reached XP level 2. HP: 4/23 MP: 2/2
   777 | D:2      | HP: 1/23 [poisoned by an adder]
  1026 | D:2      | Reached XP level 3. HP: 24/30 MP: 3/3
  1028 | D:2      | 1028 ||| FLEEEEING.
  1029 | D:2      | 1029 ||| FLEEEEING.
  1030 | D:2      | 1030 ||| FLEEEEING.
  1032 | D:2      | 1032 ||| FLEEEEING.
  1034 | D:2      | 1034 ||| FLEEEEING.
  1035 | D:2      | 1035 ||| FLEEEEING.
  1036 | D:2      | 1036 ||| FLEEEEING.
  1272 | D:2      | Noticed Natasha
  1273 | D:2      | 1273 ||| FLEEEEING.
  1274 | D:2      | 1274 ||| FLEEEEING.
  1275 | D:2      | 1275 ||| FLEEEEING.
  1276 | D:2      | 1276 ||| FLEEEEING.
  1277 | D:2      | 1277 ||| FLEEEEING.
  1278 | D:2      | 1278 ||| FLEEEEING.
  1279 | D:2      | 1279 ||| FLEEEEING.
  1282 | D:2      | Killed Natasha
  1283 | D:2      | Reached skill level 4 in Ranged Weapons
  1308 | D:2      | Noticed Sigmund
  1309 | D:2      | 1309 ||| FLEEEEING.
  1310 | D:2      | 1310 ||| FLEEEEING.
  1311 | D:2      | 1311 ||| FLEEEEING.
  1312 | D:2      | 1312 ||| FLEEEEING.
  1313 | D:2      | 1313 ||| FLEEEEING.
  1314 | D:2      | 1314 ||| FLEEEEING.
  1315 | D:2      | 1315 ||| FLEEEEING.
  1316 | D:2      | 1316 ||| FLEEEEING.
  1317 | D:2      | 1317 ||| FLEEEEING.
  1318 | D:2      | 1318 ||| FLEEEEING.
  1319 | D:2      | 1319 ||| FLEEEEING.
  1320 | D:2      | 1320 ||| FLEEEEING.
  1321 | D:2      | 1321 ||| FLEEEEING.
  1322 | D:2      | 1322 ||| FLEEEEING.
  1323 | D:2      | 1323 ||| FLEEEEING.
  1324 | D:2      | 1324 ||| FLEEEEING.
  1325 | D:2      | 1325 ||| FLEEEEING.
  1326 | D:2      | 1326 ||| FLEEEEING.
  1327 | D:2      | 1327 ||| FLEEEEING.
  1344 | D:2      | Killed Sigmund
  1345 | D:2      | Reached skill level 6 in Ranged Weapons
  1345 | D:2      | Reached XP level 4. HP: 37/37 MP: 4/4
  1345 | D:2      | Reached XP level 5. HP: 42/42 MP: 5/5
  1505 | D:2      | Noticed Natasha
  1510 | D:2      | Killed Natasha
  1511 | D:2      | Reached skill level 3 in Fighting
  1578 | D:2      | Noticed Natasha
  1581 | D:2      | Killed Natasha
  1582 | D:2      | Reached skill level 1 in Armour
  1582 | D:2      | Reached XP level 6. HP: 51/51 MP: 6/6
  1623 | D:2      | 1623 ||| READING 2 scrolls labelled ROIMAPSOETI.
  1624 | D:2      | 1624 ||| READING 2 scrolls labelled YJURUNAPNU.
  1627 | D:2      | 1627 ||| DRINKING 2 fuming sapphire potions.
  1628 | D:2      | 1628 ||| DRINKING 2 fizzy dark potions.
  1629 | D:2      | 1629 ||| DROPPING scroll of vulnerability.
  1630 | D:2      | 1630 ||| DROPPING potion of degeneration.
  1652 | D:3      | 1652 ||| PLANNING SEWER
  1698 | D:3      | Noticed Robin
  1710 | D:3      | Killed Robin
  2346 | D:3      | 2346 ||| RIP SEWER
  2347 | D:3      | 2347 ||| PLANNING D:1-11
  2409 | D:3      | Found a runed translucent door.
  2410 | D:3      | Noticed Crazy Yiuf
  2514 | D:3      | 2514 ||| READING scroll labelled KUYCWEH TYNNISK.
  2586 | D:4      | Reached skill level 7 in Ranged Weapons
  2693 | D:4      | Reached XP level 7. HP: 59/59 MP: 7/7
  2907 | D:4      | Found a runed translucent gate.
  2908 | D:4      | Found a runed translucent gate.
  2908 | D:4      | Noticed qw's ghost (amateur GrHs)
  2909 | D:4      | Found a runed translucent gate.
  2942 | D:4      | Reached skill level 8 in Ranged Weapons
  2949 | D:4      | 2949 ||| FLEEEEING.
  2957 | D:4      | 2957 ||| FLEEEEING.
  2958 | D:4      | 2958 ||| FLEEEEING.
  2959 | D:4      | 2959 ||| FLEEEEING.
  2960 | D:4      | 2960 ||| FLEEEEING.
  2961 | D:4      | 2961 ||| FLEEEEING.
  2962 | D:4      | 2962 ||| FLEEEEING.
  2963 | D:4      | 2963 ||| FLEEEEING.
  2964 | D:4      | 2964 ||| FLEEEEING.
  2965 | D:4      | 2965 ||| FLEEEEING.
  2975 | D:4      | 2975 ||| STAIRDANCE
  3053 | D:3      | 3053 ||| UPGRADING to ring of protection from fire.
  3113 | D:4      | 3113 ||| STAIRDANCE
  3113 | D:4      | HP: 11/59 [kobold/+1 dagger of distortion (16)]
  3115 | D:3      | 3115 ||| READING scroll of teleportation.
  3118 | D:3      | 3118 ||| FLEEEEING.
  3249 | D:3      | 3249 ||| FLEEEEING.
  3250 | D:3      | 3250 ||| FLEEEEING.
  3251 | D:3      | 3251 ||| FLEEEEING.
  3252 | D:3      | 3252 ||| FLEEEEING.
  3259 | D:3      | 3259 ||| FLEEEEING.
  3260 | D:3      | 3260 ||| FLEEEEING.
  3261 | D:3      | 3261 ||| FLEEEEING.
  3262 | D:3      | 3262 ||| FLEEEEING.
  3263 | D:3      | 3263 ||| FLEEEEING.
  3264 | D:3      | 3264 ||| FLEEEEING.
  3265 | D:3      | 3265 ||| FLEEEEING.
  3267 | D:3      | 3267 ||| FLEEEEING.
  3268 | D:3      | 3268 ||| FLEEEEING.
  3269 | D:3      | 3269 ||| FLEEEEING.
  3270 | D:3      | 3270 ||| FLEEEEING.
  3272 | D:3      | 3272 ||| FLEEEEING.
  3273 | D:3      | 3273 ||| FLEEEEING.
  3274 | D:3      | 3274 ||| FLEEEEING.
  3275 | D:3      | 3275 ||| FLEEEEING.
  3278 | D:3      | 3278 ||| STAIRDANCE
  3513 | D:4      | HP: 14/59 [orc warrior/+0 halberd (9)]
  3513 | D:4      | Mangled by an orc warrior

Levels and vault maps discovered:
D:1:      minmay_arrival_stone_box, layout_basic, chequers_jeans,
          minmay_split_cup_small
D:2:      layout_basic, uniq_sigmund, uniq_natasha
D:3:      layout_basic, portal_sewer_entry_a, uniq_robin,
          uniq_crazy_yiuf_cottage
D:4:      layout_loops_cross, lemuel_coloured_pillars_altar,
          gammafunk_ghost_nasty_kobolds, minmay_manual_maat

Skill      XL: |  1  2  3  4  5  6  7 |
---------------+----------------------+-----
Ranged Weapons | 3 6 7 8 |  8.0
Fighting       | 2 3 4 |  4.0
Armour         | 1 |  1.2
Dodging        | |  2.1
Spellcasting   | |  1.0
Hexes          | |  2.0

Action                     |  1- 3 |  4- 6 |  7- 9 || total
---------------------------+-------+-------+-------++-------
   Fire: Sling             |    65 |   104 |    44 ||   213
    Use: Scroll            |     4 |     3 |     1 ||     8
         Potion            |     1 |     2 |       ||     3
 Armour: Leather armour    |    12 |    16 |     8 ||    36
         Robe              |     4 |       |       ||     4
  Dodge: Dodged            |    36 |    34 |    23 ||    93

Table legend:
 A = Non-vault XP
 B = Vault XP
 C = Vault XP percentage of total XP
 D = Non-vault monster count
 E = Vault monster count
 F = Vault count percentage of total count
                 A         B        C        D         E       F
            +---------+---------+-------+---------+---------+-------
      Total |     496 |     402 |  44.8 |      45 |      25 |  35.7
            +---------+---------+-------+---------+---------+-------
        D:1 |       6 |       4 |  40.0 |       3 |       3 |  50.0
        D:2 |     126 |     262 |  67.5 |      18 |       2 |  10.0
        D:3 |      60 |      59 |  49.6 |      12 |      17 |  58.6
        D:4 |     304 |      77 |  20.2 |      12 |       3 |  20.0
            +---------+---------+-------+---------+---------+-------
